 Dungeon Crawl Stone Soup version 0.27-a0-1277-g3808f8b1c9 (webtiles) character file.

Game seed: 11232909220202100117

1540 Ralef the Magician (level 9, -8/58 HPs)
             Began as a Djinni Fire Elementalist on June 10, 2021.
             Was an Initiate of Makhleb.
             Mangled by an orc warrior (13 damage)
             ... on level 6 of the Dungeon on June 12, 2021.
             The game lasted 01:09:09 (8268 turns).

Ralef the Magician (Djinni Fire Elementalist)       Turns: 8268, Time: 01:09:09

Health: -8/58      AC:  4    Str: 13    XL:     9   Next: 11%
Gold:   1177       EV: 13    Int: 25    God:    Makhleb [......] SH:  0 Dex: 15

rFire    + . .     SeeInvis .   f - +1 dagger (venom)
rCold    + + .     Faith    .   (no shield)
rNeg     . . .     Spirit   .   j - +1 robe {rC+}
rPois    ∞         Reflect  .   i - +0 helmet
rElec    .         Harm     .   (no cloak)
rCorr    +         Rampage  .   (no gloves)
Will     .....                  (boots unavailable)
Stlth    +.........             (no amulet)
HPRegen  0.19/turn              z - ring of Moodiness {rC+ rCorr Str+4 Int+6 Stlth-}
MPRegen  0.00/turn              v - ring of ice

@: flying
A: sickness immunity, fire resistance 2, cold vulnerability 1, float, innate
caster, hp casting, extra vitality 1, strong 1, wild magic 1
a: Renounce Religion


You were on level 6 of the Dungeon.
You worshipped Makhleb.
Makhleb was noncommittal.
You visited 2 branches of the dungeon, and saw 7 of its levels.

You collected 1520 gold pieces.
You spent 343 gold pieces at shops.

Inventory:

Hand Weapons
 c - a +0 club
 f - a +1 dagger of venom (weapon)
Missiles
 d - 12 bolts
 g - 16 arrows
 h - 175 stones
 p - 28 sling bullets
Armour
 a - a +0 robe
 b - a +4 ring mail of willpower
 i - a +0 helmet (worn)
 j - a +1 robe of cold resistance (worn)
 m - a +0 pair of boots
 s - a +0 barding
 t - a +0 kite shield
 w - a +0 helmet
Jewellery
 e - a ring of magical power
 v - a ring of ice (right hand)
 z - the ring of Moodiness (left hand) {rC+ rCorr Str+4 Int+6 Stlth-}
   (You found it on level 6 of the Dungeon)

   [ring of intelligence]

   It affects your strength (+4).
   It affects your intelligence (+6).
   It protects you from cold.
   It protects you from acid and corrosion.
   It makes you less stealthy.
Wands
 k - a wand of iceblast (13)
 l - a wand of polymorph (7)
 A - a wand of flame (25)
Scrolls
 n - a scroll of enchant armour
 q - 3 scrolls of enchant weapon
 x - a scroll of amnesia
 y - a scroll of teleportation
Potions
 o - a potion of haste
 r - a potion of mutation
 u - a potion of curing


   Skills:
 + Level 1.8 Fighting
 + Level 1.3 Short Blades
 + Level 4.3 Dodging
 + Level 3.6 Stealth
 + Level 7.3 Spellcasting


You couldn't memorise any spells.
You knew the following spells:

 Your Spells              Type           Power      Damage    Failure   Level
a - Foxfire               Conj/Fire      100%       2x1d9     1%          1
b - Conjure Flame         Conj/Fire      56%        6-21      1%          3
c - Inner Flame           Hex/Fire       56%        N/A       1%          3
d - Sticky Flame          Conj/Fire      56%        2d7       5%          4
e - Fireball              Conj/Fire      28%        3d12      13%         5
f - Freeze                Ice            100%       1d11      1%          1
g - Call Imp              Summ           56%        N/A       1%          2
h - Static Discharge      Conj/Air       56%        N/A       1%          2
i - Summon Ice Beast      Ice/Summ       74%        N/A       5%          4
Your spell library was empty.

Dungeon Overview and Level Annotations

Branches:
Dungeon (6/15)             Temple (1/1) D:6

Altars:
Ashenzari
Cheibriados
Elyvilon
Fedhas
Gozag
Hepliaklqana
Kikubaaqudgha
Makhleb
Nemelex Xobeh
Okawaru
Qazlal
Ru
Sif Muna
Trog
Uskayaw
Vehumet
Wu Jian
Xom
Yredelemnul
Zin

Shops:
D:5 (((?(


Innate Abilities, Weirdness & Mutations

You are immune to sickness and miasma.
You are immune to poison.
Your flesh is very heat resistant. (rF++)
You are vulnerable to cold. (rC-)
You float through the air rather than walking.
You learn spells naturally, not from books.
Your magical power is your life essence.
You have superior vitality. (+4 HP)
Your muscles are strong. (Str +2)
Your spells are a little harder to cast, but a little more powerful.


Message History

The boulder beetle curls into a ball and begins rolling!
The boulder beetle completely misses you.
The boulder beetle stops rolling and uncurls.
Casting: Call Imp (safe; 1% risk of failure)
Confirm with . or Enter, or press ? or * to list all spells.
A beastly little devil appears in a puff of flame.
Your white imp gestures at the boulder beetle.
The puff of frost hits the boulder beetle but does no damage.
The boulder beetle leaps!
An orc warrior comes into view.
It is wielding a +0 glaive, wearing a +1 plate armour of fire resistance and wearing the amulet "Ninilem" {Acrobat *Corrode rElec rN+ Str+3}.
Your white imp gestures at the boulder beetle.
The puff of frost hits the boulder beetle but does no damage.
Casting: Call Imp (safe; 1% risk of failure)
Confirm with . or Enter, or press ? or * to list all spells.
A beastly little devil appears in a puff of flame.
The boulder beetle leaps!
Your crimson imp blinks!
The orc warrior throws a throwing net.
The throwing net hits you.
You become entangled in the net!
Your crimson imp blinks!
Casting: Call Imp (safe; 1% risk of failure)
Confirm with . or Enter, or press ? or * to list all spells.
You conjure some foxfire!
Casting: Foxfire (safe; 1% risk of failure)
Confirm with . or Enter, or press ? or * to list all spells.
You conjure some foxfire!
You struggle against the net.
The foxfire hits the orc warrior but does no damage. x3
The orc warrior closely misses you.
Your crimson imp blinks!
The foxfire hits the orc warrior but does no damage.
Your crimson imp hits the orc warrior.
You struggle against the net.
The orc warrior hits you from afar with a +0 glaive!!
* * * LOW HITPOINT WARNING * * *
Your white imp hits the orc warrior.
Your white imp freezes the orc warrior.
Your crimson imp hits the orc warrior but does no damage.
You shred the net and break free!
The orc warrior hits you from afar with a +0 glaive!
You die...

#.........# #..
##.# #.. ##.)###
##.. #####).÷#.#
###...
#.........###.....
#...).............
##.o.5..#######....
#..55....B......###
#.@..##########.# #
#....# #.# # ##...#
#.. # #...# ##..
##### #.# .# ##


You could see a boulder beetle, an orc warrior (ally target), 2 friendly crimson
imps and a friendly white imp (summoned).

Vanquished Creatures
  An orc warrior (D:6)
  A black bear (D:4)
  A necrophage (D:5)
  A sky beast (D:5)
  A centaur (D:6)
  A phantom (D:5)
  A gnoll sergeant (D:6)
  A scorpion (D:4)
  A water moccasin zombie (D:4)
  A jelly (D:6)
  A bullfrog zombie (D:5)
  2 hounds
  Jessica (D:2)
  An orc wizard (D:3)
  5 adders
  4 gnolls (D:4)
  An ufetubus (D:5)
  An adder zombie (D:4)
  3 worms
  3 dart slugs
  16 orcs
  7 endoplasms
  3 giant cockroaches
  4 hobgoblins
  7 jackals
  A nameless horror (D:6)
  2 quokkas
  8 ball pythons
  6 bats
  8 frilled lizards (D:2)
  9 goblins
  A kobold (D:1)
  3 rats
107 creatures vanquished.

Vanquished Creatures (collateral kills)
  Eustachio (D:5)
  A water moccasin (D:6)
  A black bear (D:5)
  2 necrophages
  An ogre (D:5)
  A scorpion (D:5)
  A water moccasin zombie (D:5)
  A human zombie (D:4)
  An orc wizard (D:5)
  2 hound zombies (D:4)
  2 mummies (D:4)
  A shadow imp (D:5)
  3 adder zombies (D:4)
  An orc (D:5)
  An endoplasm (D:1)
  A kobold (D:1)
  2 quokkas (D:3)
  A jackal zombie (D:4)
24 creatures vanquished.

Vanquished Creatures (others)
  388 foxfires
  A fungus (D:5)
  A plant (D:3)
390 creatures vanquished.

Grand Total: 521 creatures vanquished

Notes
Turn   | Place    | Note
-------+----------+-------------------------------------------
     0 | D:1      | Ralef the Djinni Fire Elementalist began the quest for the
                  | Orb.
     0 | D:1      | Reached XP level 1. HP: 15/15 MP: 0/0
   222 | D:1      | Reached XP level 2. HP: 15/21 MP: 0/0
   514 | D:1      | Reached skill level 3 in Spellcasting
   633 | D:1      | Reached XP level 3. HP: 22/25 MP: 0/0
   633 | D:1      | Learned a level 1 spell: Freeze
  2072 | D:2      | Noticed Jessica
  2085 | D:2      | Killed Jessica
  2086 | D:2      | Reached XP level 4. HP: 6/31 MP: 0/0
  2374 | D:2      | Found a faded altar of an unknown god.
  3029 | D:3      | Reached XP level 5. HP: 19/36 MP: 0/0
  3029 | D:3      | Learned a level 2 spell: Call Imp
  3214 | D:3      | Found a shimmering altar of Xom.
  4054 | D:4      | Reached XP level 6. HP: 24/41 MP: 0/0
  4072 | D:4      | Reached skill level 4 in Spellcasting
  4398 | D:4      | Noticed a black bear
  4403 | D:4      | Killed a black bear
  4404 | D:4      | Reached skill level 1 in Fighting
  4498 | D:4      | Reached XP level 7. HP: 42/47 MP: 0/0
  4498 | D:4      | Learned a level 2 spell: Static Discharge
  4498 | D:4      | Upgraded the game from 0.27-a0-1248-g57ac2eb73c to
                  | 0.27-a0-1277-g3808f8b1c9
  4594 | D:4      | Found a white marble altar of Elyvilon.
  5161 | D:4      | Reached skill level 5 in Spellcasting
  5459 | D:4      | Found a burning altar of Makhleb.
  5465 | D:4      | Became a worshipper of Makhleb the Destroyer
  5652 | D:5      | Entered Level 5 of the Dungeon
  5652 | D:5      | Found Gellyf's Antique Weapon Shop.
  5687 | D:5      | Identified a scroll of acquirement
  5687 | D:5      | Acquired 1145 gold pieces
  5689 | D:5      | Gained mutation: Your muscles are strong. (Str +2) [potion
                  | of mutation]
  5689 | D:5      | Gained mutation: Your spells are a little harder to cast,
                  | but a little more powerful. [potion of mutation]
  5715 | D:5      | Found Atozxox's Antique Weapon Boutique.
  5728 | D:5      | Noticed Eustachio
  5747 | D:5      | Reached skill level 1 in Short Blades
  5751 | D:5      | Killed Eustachio
  5752 | D:5      | Reached XP level 8. HP: 5/53 MP: 0/0
  6119 | D:5      | Reached skill level 6 in Spellcasting
  6131 | D:5      | Found an iron altar of Okawaru.
  6599 | D:5      | Found Symem's Magic Scroll Shoppe.
  6602 | D:5      | Bought a scroll of enchant armour for 105 gold pieces
  6602 | D:5      | Bought a scroll of enchant weapon for 105 gold pieces
  6602 | D:5      | Bought a scroll of identify for 28 gold pieces
  6602 | D:5      | Bought a scroll of enchant weapon for 105 gold pieces
  6667 | D:5      | Found Zonom's Antique Weapon Boutique.
  6726 | D:5      | Found Olienez's Antique Weapon Shop.
  7510 | D:6      | Found a staircase to the Ecumenical Temple.
  7524 | Temple   | Entered the Ecumenical Temple
  7993 | D:6      | Identified the ring of Moodiness {rC+ rCorr Str+4 Int+6
                  | Stlth-}
  8034 | D:6      | Reached skill level 7 in Spellcasting
  8034 | D:6      | Reached XP level 9. HP: 28/58 MP: 0/0
  8034 | D:6      | Learned a level 4 spell: Summon Ice Beast
  8250 | D:6      | Noticed a boulder beetle
  8259 | D:6      | Identified the amulet "Ninilem" {Acrobat *Corrode rElec rN+
                  | Str+3}
  8268 | D:6      | Mangled by an orc warrior

Illustrated notes

Levels and vault maps discovered:
D:1:      minmay_arrival_widening_spiral_wide, layout_loops_ring
D:2:      layout_loops_ring, basic_ecumenical_altar, minmay_lizard_pond,
          uniq_jessica
D:3:      layout_basic, lemuel_crystal_altar, saegor_snake_ambush
D:4:      layout_loops_ring, lemuel_round_altar, lemuel_coloured_pillars_altar,
          lemuel_mausoleum_altar_kikubaaqudgha
D:5:      layout_loops_ring, kennysheep_okawaru_gauntlet, serial_aquarium,
          aquarium_bridge_long_joined [aquarium_subvault_wall,
          aquarium_subvault_wall, aquarium_subvault_wall,
          aquarium_subvault_bridge, aquarium_subvault_bridge,
          aquarium_subvault_bridge], aquarium_window_1, aquarium_window_3,
          aquarium_window_1, aquarium_view_2e, aquarium_pool_2, serial_shops,
          shop_statue, kennysheep_mini_moat, shop, nicolae_shop_stone,
          nicolae_shop_behind_doors, grunt_decor_cap,
          hangedman_abyss_or_decor_slice, minivault_5, patterned_corridor,
          uniq_eustachio
D:6:      minmay_octagon_keep, layout_rooms,
          minmay_temple_entry_statues_fountains, cheibrodos_sewer_entry_bend,
          nicolae_zen_rock_garden, nrook_campfire
Temple:   nicolae_temple_no_exploring_needed

Skill      XL: |  1  2  3  4  5  6  7  8 |
---------------+-------------------------+-----
Spellcasting   | 3 4 5 7 |  7.3
Stealth        | 2 3 |  3.6
Dodging        | 3 4 |  4.3
Fighting       | 1 |  1.8
Short Blades   | 1 |  1.3

Action                   |  1- 3 |  4- 6 |  7- 9 || total
-------------------------+-------+-------+-------++-------
Melee: Dagger            |     3 |    16 |    15 ||    34
 Cast: Foxfire           |    55 |    91 |    99 ||   245
       Conjure Flame     |     3 |       |     1 ||     4
       Inner Flame       |     1 |       |       ||     1
       Call Imp          |       |     9 |    55 ||    64
       Fireball          |       |       |     3 ||     3
       Summon Ice Beast  |       |       |     1 ||     1
  Use: Scroll            |     3 |       |     4 ||     7
       Potion            |       |       |     5 ||     5
 Stab: Sleeping          |     1 |       |     1 ||     2
Armor: Robe              |    16 |     4 |    11 ||    31
Dodge: Dodged            |    33 |    27 |    48 ||   108

Table legend: (Time is in decaauts)
 A = Elapsed time spent in this place.
 B = Non-inter-level travel time spent in this place.
 C = Inter-level travel time spent in this place.
 D = Time resting spent in this place.
 E = Time spent auto-exploring this place.
 F = Levels seen in this place.
 G = Mean time per level.
                   A        B        C        D        E       F      G
               +--------+--------+--------+--------+--------+-----+--------+
         Total |   8245 |   8137 |    108 |   2754 |   2096 |   7 | 1177.9 |
       Dungeon |   8181 |   8073 |    108 |   2754 |   2096 |   6 | 1363.5 |
        Temple |     63 |     63 |      0 |      0 |      0 |   1 |   63.0 |
               +--------+--------+--------+--------+--------+-----+--------+

Top non-repeatable levels by time:
     D:5: 1775 daAuts
     D:4: 1617 daAuts
     D:2: 1560 daAuts
     D:1: 1253 daAuts
     D:3: 1219 daAuts
     D:6: 755 daAuts
  Temple: 63 daAuts
